 Dungeon Crawl Stone Soup version 0.22-a0-352-gc608dd7 (webtiles) character file.

158 torrenera the Insei (level 5, -13/27 HPs)
             Began as a Vine Stalker Monk on Apr 14, 2018.
             Killed from afar by Ijyb (18 damage)
             ... with a wand of acid (6)
             ... on level 3 of the Dungeon.
             The game lasted 00:08:01 (2424 turns).

torrenera the Insei (Vine Stalker Monk)             Turns: 2424, Time: 00:08:03

Health: -13/27     AC: -2    Str: 13    XL:     5   Next: 40%
Magic:  0/6        EV: 13    Int: 10    God:
Gold:   166        SH:  0    Dex: 18    Spells: 4/4 levels left

rFire    . . .     SeeInvis .     - Unarmed
rCold    . . .     Gourm    .   (no shield)
rNeg     . . .     Faith    .   a - +0 robe
rPois    .         Spirit   +   (no helmet)
rElec    .         Reflect  .   (no cloak)
rCorr    .         Harm     .   (no gloves)
MR       .....                  (no boots)
Stlth    ++........             (no amulet)
HPRegen  0.49/turn              (no ring)
MPRegen  0.10/turn              (no ring)

@: corroded
A: fangs 2, regeneration 1, magic shield, antimagic bite, no potion heal 3, rot
immunity
a: no special abilities


You were on level 3 of the Dungeon.
You were not hungry.

You visited 1 branch of the dungeon, and saw 3 of its levels.

You collected 166 gold pieces.

Inventory:

Missiles
 g - 76 stones (quivered)
Armour
 a - a +0 robe (worn)
 h - a +0 shield
Jewellery
 k - an uncursed ring of magical power {unknown}
Scrolls
 c - 3 scrolls of identify {unknown}
 f - 2 scrolls of fear {unknown}
 i - 3 scrolls of remove curse {unknown}
 j - a scroll of noise {unknown}
 o - a scroll of enchant weapon {unknown}
 p - a scroll of enchant armour {unknown}
Potions
 d - a potion of berserk rage {unknown}
 e - 9 potions of curing {unknown}
 l - a potion of lignification {unknown}
 m - a potion of ambrosia {unknown}
Comestibles
 b - 8 rations
 n - 19 chunks of flesh


   Skills:
 - Level 2.6 Fighting
 - Level 2.4 Dodging
 - Level 2.4 Stealth
 + Level 5.9 Unarmed Combat


You had 4 spell levels left.
You didn't know any spells.

Dungeon Overview and Level Annotations

Branches:
Dungeon (3/15)

Altars:
Cheibriados

Annotations:
D:3 Ijyb


Innate Abilities, Weirdness & Mutations

You have extremely sharp teeth.
Your natural rate of healing is unusually fast.
When hurt, damage is shared between your health and your magic reserves.
Your bite disrupts and absorbs the magic of your enemies.
Potions cannot restore your health.
You are immune to rotting.


Message History

You punch the quokka!
You kill the quokka!
Found a runed leather armour.
Ijyb the Twisted Goblin comes into view.
She is wielding an enchanted club.
Ijyb shouts!
A bat and an adder come into view.
Found 22 gold pieces.
A kobold comes into view. It is wielding a whip.
The kobold shouts!
The adder hisses angrily.
Ijyb zaps a wand.
The bolt of acid hits you! The acid corrodes you!
You are splashed with acid!
The acid burns!
* * * LOW HITPOINT WARNING * * *
It is a wand of acid (6).
You barely miss Ijyb. You bite Ijyb, but do no damage.
The bat barely misses you. Ijyb barely misses you.
You hit Ijyb.
Ijyb is lightly wounded.
The bat completely misses you.
Ijyb zaps a wand.
The bolt of acid hits you!
Ouch! That really hurt!
You die...

.....# #......).# .....#
#........# .....# #......#.#
....## ##.#......# ...##
##..#....###
#'#######+#######+##........#
...........................##
..÷.............b..........#
...............g@..........#
#'#######+#######S##......##
...## #...##....[# ....##
#.....###...# .....#
#..b$...# #.## .÷...#
#.......# .# .....# #...$...#
# ....## ##.....## ...##


You could see Ijyb, an adder and a bat.

Vanquished Creatures
  6 adders
  An ooze (D:2)
  2 worms
  8 dart slugs
  3 leopard geckos
  5 orcs (D:3)
  5 giant cockroaches
  5 goblins
  6 hobgoblins
  4 jackals (D:1)
  4 kobolds (D:1)
  A quokka (D:3)
  8 bats
  3 frilled lizards
  9 rats
70 creatures vanquished.

Notes
Turn   | Place    | Note
-------+----------+-------------------------------------------
     0 | D:1      | torrenera the Vine Stalker Monk began the quest for the Orb.
     0 | D:1      | Reached XP level 1. HP: 11/11 MP: 2/2
   169 | D:1      | Reached XP level 2. HP: 10/16 MP: 1/3
   788 | D:1      | Reached skill level 4 in Unarmed Combat
   822 | D:1      | Reached XP level 3. HP: 9/19 MP: 1/4
  1484 | D:2      | Gained mutation: Your natural rate of healing is unusually fast. [Vine Stalker growth]
  1484 | D:2      | Reached XP level 4. HP: 15/23 MP: 2/5
  1541 | D:2      | Reached skill level 5 in Unarmed Combat
  1694 | D:2      | Found a snail-covered altar of Cheibriados.
  2131 | D:3      | Reached XP level 5. HP: 27/27 MP: 6/6
  2417 | D:3      | Noticed Ijyb
  2424 | D:3      | Killed from afar by Ijyb

Vault maps used:
D:1:      lemuel_arrival_hallway, serial_glass, glass_columns_a,
          glass_columns_b, minmay_pentomino_r2
D:2:      kennysheep_slug_shrine, feat_on_display
D:3:      kennysheep_six_static_rooms, uniq_ijyb

Skill      XL: |  1  2  3  4 |
---------------+-------------+-----
Unarmed Combat | 4 5 |  5.9
Fighting       | |  2.6
Dodging        | |  2.4
Stealth        | |  2.4

Action                   |  1- 3 |  4- 6 || total
-------------------------+-------+-------++-------
Melee: Unarmed           |   117 |   116 ||   233
       Bite              |    31 |    31 ||    62
       Punch             |     2 |     3 ||     5
 Stab: Sleeping          |     3 |     3 ||     6
  Eat: Chunk             |     2 |     3 ||     5
Armor: Robe              |    17 |    26 ||    43
Dodge: Dodged            |    77 |   108 ||   185

Table legend:
 A = Spawn XP
 B = Non-spawn XP
 C = Spawn XP percentage of total XP
 D = Spawn monster count
 E = Non-spawn monster count
 F = Spawn count percentage of total count
 G = Total turns spent on level
                    A         B        C        D         E        F      G
               +---------+---------+-------+---------+---------+-------+---------
         Total |       0 |     227 |   0.0 |       0 |      70 |   0.0 |  2424
               +---------+---------+-------+---------+---------+-------+---------
           D:1 |       0 |      76 |   0.0 |       0 |      30 |   0.0 |  1419
           D:2 |       0 |      81 |   0.0 |       0 |      19 |   0.0 |   650
           D:3 |       0 |      70 |   0.0 |       0 |      21 |   0.0 |   355
               +---------+---------+-------+---------+---------+-------+---------
